 Dungeon Crawl Stone Soup version 0.31-a0-846-gb3bcc0d938 (webtiles) character file.

Game seed: 15159561925212129470

1799 CowFu the Mimic (level 8, -1/46 (58) HPs)
             Began as a Demigod Shapeshifter on Oct 3, 2023.
             Slain by an ufetubus (2 damage)
             ... summoned by Eustachio
             ... on level 6 of the Dungeon.
             The game lasted 00:05:56 (4451 turns).

CowFu the Mimic (Demigod Shapeshifter)              Turns: 4451, Time: 00:05:56

HP:   -1/46 (58)    AC:  8    Str: 23    XL:     8   Next: 53%
MP:   10/10         EV:  8    Int: 12    God:
Gold: 354           SH:  0    Dex: 13    Spells: 7/7 levels left

rFire   + . .        a - +3 whip (vamp)
rCold   . . .        j - orb {light}
rNeg    . . .        D - +0 chain mail
rPois   .            (helmet currently unavailable)
rElec   .            (cloak currently unavailable)
rCorr   .            (gloves currently unavailable)
SInv    .            (boots currently unavailable)
Will    .....        f - amulet of regeneration Stlth
                     l - ring of protection from fire
HPRegen 1.07/turn    (no ring)
MPRegen 0.12/turn

%: no passive effects
@: beast-form, glowing, heavily drained
A: beast (slay +4), high MP 1, forlorn, divine attributes
a: Begin Untransformation


You were on level 6 of the Dungeon.
You were a hulking beast.
You visited 1 branch of the dungeon, and saw 6 of its levels.

You collected 354 gold pieces.

Inventory:

Hand Weapons
 a - a +3 vampiric whip (weapon)
Missiles
 h - 2 throwing nets
 k - 2 silver javelins
Armour
 g - an orb of mayhem
 j - an orb of light (worn)
 D - a +0 chain mail (worn)
 E - a +2 robe of fire resistance
Jewellery
 f - an amulet of regeneration (around neck)
 l - a ring of protection from fire (left hand)
 n - a ring of ice
 v - a +6 ring of strength
 C - a +5 ring of evasion
Talismans
 c - a beast talisman (active)
 d - a flux talisman
 y - a blade talisman
Scrolls
 i - 9 scrolls of identify {unknown}
 o - a scroll of amnesia {unknown}
 p - a scroll of blinking {unknown}
 q - a scroll of butterflies {unknown}
 t - 2 scrolls of poison {unknown}
 u - a scroll of teleportation {unknown}
 w - a scroll of acquirement {unknown}
 x - a scroll of vulnerability {unknown}
 F - a scroll of revelation {unknown}
Potions
 b - 7 potions of lignification
 e - a potion of cancellation
 m - a potion of attraction {unknown}
 r - a potion of might
 s - a potion of curing {unknown}
 z - 2 potions of heal wounds {unknown}
 A - a potion of ambrosia {unknown}
 B - a potion of mutation {unknown}


   Skills:
 - Level 0.8 Fighting
 - Level 1.7 Dodging
 - Level 3.4 Unarmed Combat
 + Level 9.8 Shapeshifting


You had 7 spell levels left.
You didn't know any spells.
Your spell library contained the following spells:

 Spells                   Type           Power      Damage    Failure   Level
 Ozocubu's Armour         Ice            0%         N/A       100%        3
 Vhi's Electric Charge    Tloc/Air       0%         N/A       100%        4
 Arcjolt                  Conj/Air       0%         1d10      100%        5
 Plasma Beam              Fire/Air       0%         2x1d10    100%        6
 Ozocubu's Refrigeration  Ice            0%         4d7       100%        7


Dungeon Overview and Level Annotations

Branches:
Dungeon (6/15)             Temple (0/1) D:6

Annotations:
D:5 2 transporters, petzl's ghost, weakling FoDe
D:6 Edmund; Eustachio


Innate Abilities, Weirdness & Mutations

You are a hulking beast.
Your limbs bulge with bestial killing power. (Slay +4)
You have an increased reservoir of magic. (+10% MP)
You shall have no god before yourself.
Your divine heritage dramatically boosts your attributes as you level up.


Message History

You are too injured to fight recklessly!
You are too injured to fight recklessly!
You are too injured to fight recklessly!
You are too injured to fight recklessly!
You are too injured to fight recklessly!
You are too injured to fight recklessly!
You are too injured to fight recklessly!
You are too injured to fight recklessly!
You are too injured to fight recklessly!
You whack Edmund!
You feel better.
Edmund is almost dead.
The ufetubus barely misses you. x2
The iron imp shouts, "Decamp, thou mewling swag-bellied vassal!"
The iron imp barely misses you. The river rat bites you.
Eustachio mumbles some strange words.
Edmund hits you with a +0 dire flail of draining.
You feel drained.
The ufetubus hits you but does no damage. x2
You hit Edmund.
You feel better.
Edmund is almost dead.
The river rat bites you. The ufetubus hits you.
The ufetubus closely misses you. The iron imp hits you.
Edmund barely misses you.
You hit Edmund but do no damage.
Edmund is almost dead.
The ufetubus hits you but does no damage.
The ufetubus hits you.
* * * LOW HITPOINT WARNING * * *
The river rat bites you but does no damage.
Edmund hits you with a +0 dire flail of draining.
* * * LOW HITPOINT WARNING * * *
You feel drained.
* * * LOW HITPOINT WARNING * * *
The quokka twitches its whiskers.
The iron imp shouts, "Remove thy stench, thou rank roguish measle!"
The iron imp hits you!
* * * LOW HITPOINT WARNING * * *
The ufetubus hits you but does no damage.
The ufetubus hits you.
You die...

###.# #.#
#.######.##
#.#
#.........#
#.#
#.#.######
#.### #.#.##
#...# .....#
###.#
##.#..####.##
#.#
#.#.5r@r...#
#.##.#
#...h@br....
#.....
####5####.##
#.#.## #.# ..
#.# ..# ##
#.# ### #.#
#.## ##...
#....
..######.##.


You could see Edmund, Eustachio, an iron imp (summoned), 2 river rats, an
ufetubus (summoned), a quokka (summoned) and a bat (summoned).

Vanquished Creatures
  Grinder (D:4)
  2 ice beasts
  A sky beast (D:4)
  2 ogres
  3 phantoms
  Blork the orc (D:6)
  A scorpion (D:6)
  3 wights (D:6)
  2 hounds
  3 orc priests
  A gnoll bouda (D:5)
  Natasha (twice) (D:3)
  3 iguanas
  9 gnolls
  9 adders
  A white imp (D:4)
  An ufetubus (D:6)
  2 worms
  5 dart slugs
  15 orcs
  2 endoplasms
  5 giant cockroaches
  16 goblins
  8 hobgoblins
  2 jackals (D:1)
  4 quokkas
  6 ball pythons
  5 bats
  8 frilled lizards
  12 kobolds
  5 rats
140 creatures vanquished.

Vanquished Creatures (collateral kills)
  Natasha (D:3)
  Robin (D:2)
  A goblin (D:2)
  2 bats (D:1)
5 creatures vanquished.

Vanquished Creatures (others)
  A gnoll (D:2)
  A goblin (D:2)
  A frilled lizard (D:2)
3 creatures vanquished.

Grand Total: 148 creatures vanquished

Notes
Turn   | Place    | Note
-------+----------+-------------------------------------------
     0 | D:1      | CowFu the Demigod Shapeshifter began the quest for the Orb.
     0 | D:1      | Reached XP level 1. HP: 15/15 MP: 3/3
   205 | D:1      | Reached skill level 3 in Shapeshifting
   205 | D:1      | Reached XP level 2. HP: 22/22 MP: 4/4
   907 | D:2      | Reached XP level 3. HP: 26/27 MP: 5/5
  1242 | D:2      | Noticed Robin
  1267 | D:2      | Reached XP level 4. HP: 23/34 MP: 6/6
  1268 | D:2      | Reached skill level 4 in Shapeshifting
  1269 | D:2      | Killed Robin
  1765 | D:3      | Reached XP level 5. HP: 39/39 MP: 7/7
  1827 | D:3      | Noticed Natasha
  1834 | D:3      | Killed Natasha
  1835 | D:3      | Reached skill level 5 in Shapeshifting
  2065 | D:3      | Noticed Natasha
  2070 | D:3      | Killed Natasha
  2128 | D:3      | Identified the +7 chain mail "Xetec" {rN+ SInv}
  2335 | D:3      | Noticed Natasha
  2340 | D:3      | Killed Natasha
  2694 | D:4      | Noticed a sky beast
  2719 | D:4      | Killed a sky beast
  2720 | D:4      | Reached skill level 6 in Shapeshifting
  2720 | D:4      | Reached XP level 6. HP: 34/46 MP: 8/8
  2822 | D:4      | Noticed Grinder
  2826 | D:4      | Paralysed by Grinder for 2 turns
  2839 | D:4      | Paralysed by Grinder for 3 turns
  2848 | D:4      | Killed Grinder
  2906 | D:4      | Reached skill level 7 in Shapeshifting
  2906 | D:4      | Reached XP level 7. HP: 51/51 MP: 9/9
  3402 | D:5      | Entered Level 5 of the Dungeon
  3472 | D:5      | Reached skill level 8 in Shapeshifting
  3501 | D:5      | Found a transporter.
  3501 | D:5      | Noticed petzl's ghost (weakling FoDe)
  3724 | D:5      | Reached XP level 8. HP: 27/58 MP: 10/10
  3965 | D:5      | Reached skill level 9 in Shapeshifting
  4017 | D:5      | Found a transporter.
  4281 | D:6      | Noticed Blork the orc
  4290 | D:6      | Killed Blork the orc
  4370 | D:6      | Found a staircase to the Ecumenical Temple.
  4438 | D:6      | Noticed Edmund
  4442 | D:6      | Noticed Eustachio
  4451 | D:6      | HP: 1/46 [iron imp[Eustachio] (7)]
  4451 | D:6      | Slain by an ufetubus

Illustrated notes

Levels and vault maps discovered:
D:1:      dpeg_cavernosity, layout_rooms, hangedman_decor_push,
          minmay_tetromino_i2
D:2:      cheibrodos_old_hovel, layout_basic, basic_altar, solitary_fountain,
          kennysheep_donut, uniq_robin
D:3:      layout_loops_ring, marbit_many_paths, basic_ecumenical_altar,
          uniq_natasha
D:4:      layout_loops_ring, nicolae_qazlal_beasts_of_the_sky,
          nicolae_gozag_cash_rules_everything_around_me, minivault_11,
          uniq_grinder
D:5:      layout_rooms, gammafunk_ghost_mausoleum
D:6:      layout_loops_cross, amethyst_overflow_temple_binary, temple_hall,
          roderic_batcave, uniq_edmund, uniq_eustachio, uniq_blork_the_orc

Skill      XL: |  1  2  3  4  5  6  7  8 |
---------------+-------------------------+-----
Unarmed Combat | 3 |  3.4
Shapeshifting  | 3 4 6 7 8 9 |  9.8
Fighting       | |  0.8
Dodging        | |  1.7

Action                     |  1- 3 |  4- 6 |  7- 9 || total
---------------------------+-------+-------+-------++-------
  Melee: Unarmed           |    97 |       |       ||    97
         Punch             |     1 |       |       ||     1
         Whip              |    35 |   195 |   208 ||   438
    Use: Scroll            |       |       |     2 ||     2
         Potion            |       |       |     2 ||     2
   Stab: Sleeping          |     3 |       |       ||     3
 Armour: Animal skin       |    42 |       |       ||    42
         Ring mail         |    39 |   127 |    47 ||   213
         Chain mail        |       |       |   143 ||   143
  Dodge: Dodged            |    73 |   109 |   103 ||   285

Table legend: (Time is in decaauts)
 A = Elapsed time spent in this place.
 B = Non-inter-level travel time spent in this place.
 C = Inter-level travel time spent in this place.
 D = Time resting spent in this place.
 E = Time spent auto-exploring this place.
 F = Levels seen in this place.
 G = Mean time per level.
                   A        B        C        D        E       F      G
               +--------+--------+--------+--------+--------+-----+--------+
         Total |   4489 |   4309 |    180 |      0 |   3171 |   6 |  748.2 |
       Dungeon |   4489 |   4309 |    180 |      0 |   3171 |   6 |  748.2 |
               +--------+--------+--------+--------+--------+-----+--------+

Top non-repeatable levels by time:
     D:1: 889 daAuts
     D:3: 866 daAuts
     D:2: 856 daAuts
     D:4: 835 daAuts
     D:5: 654 daAuts
     D:6: 387 daAuts
